 Dungeon Crawl Stone Soup version 0.23.0 (webtiles) character file.

Game seed: 15602690397991081289

7096 catcat the Grappler (level 10, -8/92 HPs)
             Began as a Troll Fighter on Feb 19, 2019.
             Was an Elder of Okawaru.
             Killed from afar by an electric eel (13 damage)
             ... with a bolt of electricity
             ... on level 8 of the Dungeon.
             The game lasted 00:18:49 (7448 turns).

catcat the Grappler (Troll Fighter)                 Turns: 7448, Time: 00:18:50

Health: -8/92      AC:  6    Str: 26    XL:     10   Next: 84%
Magic:  9/9        EV: 11    Int:  4    God:    Okawaru [****..]
Gold:   465        SH: 11    Dex: 12    Spells: 9/9 levels left

rFire    . . .     SeeInvis .     - Unarmed
rCold    . . .     Gourm    +   b - +0 shield
rNeg     . . .     Faith    .   w - +0 robe {MR+}
rPois    .         Spirit   .   (helmet restricted)
rElec    .         Reflect  .   (no cloak)
rCorr    .         Harm     .   (gloves unavailable)
MR       +....                  (boots unavailable)
Stlth    +.........             (no amulet)
HPRegen  0.65/turn              h - ring of wizardry
MPRegen  0.11/turn              (no ring)

@: studying Long Blades, drained
A: large, unfitting armour, claws 3, fast metabolism 3, gourmand, regeneration
1, shaggy fur 1, tough skin 3
a: Heroism, Renounce Religion


You were on level 8 of the Dungeon.
You worshipped Okawaru.
Okawaru was greatly pleased with you.
You were not hungry.

You visited 1 branch of the dungeon, and saw 9 of its levels.

You collected 465 gold pieces.

Inventory:

Hand Weapons
 g - a +0 mace
 p - a +7 mace of protection
Armour
 a - a +0 robe
 b - a +0 shield (worn)
 w - a +0 robe of magic resistance (worn)
Jewellery
 h - a ring of wizardry (left claw)
 F - an uncursed amulet of harm {unknown}
Wands
 i - a wand of random effects (23)
 u - a wand of scattershot (5)
 v - a wand of clouds (8)
 z - a wand of flame (38)
 A - a wand of iceblast (12)
Scrolls
 f - 5 scrolls of identify
 j - 2 scrolls of fear {unknown}
 k - 2 scrolls of fog
 m - 2 scrolls of noise {unknown}
 n - a scroll of immolation {unknown}
 o - 4 scrolls of teleportation {unknown}
 y - a scroll of blinking {unknown}
 C - 2 scrolls of remove curse {unknown}
 D - 2 scrolls of enchant armour {unknown}
 E - a scroll of amnesia {unknown}
Potions
 c - 3 potions of might
 e - 5 potions of curing
 l - a potion of flight
 q - 2 potions of brilliance
 r - a potion of ambrosia
 t - a potion of invisibility
 x - 3 potions of agility
 B - a potion of magic {unknown}
Books
 s - a manual of Long Blades
Comestibles
 d - 25 rations


   Skills:
 + Level 4.1(3.5) Fighting
 * Level 4.2(3.6) Maces & Flails
 + Level 4.2(3.6) Dodging
 - Level 9.0(8.3) Shields
 - Level 11.0(10.2) Unarmed Combat


You had 9 spell levels left.
You didn't know any spells.
Your spell library contained the following spells:

 Spells                   Type           Power        Failure   Level  Hunger
 Animate Skeleton         Necr           N/A          26%         1    ##.....
 Apportation              Tloc           #.....       26%         1    ##.....
 Confusing Touch          Hex            #.....       26%         1    ##.....
 Summon Small Mammal      Summ           #...         26%         1    ##.....


Dungeon Overview and Level Annotations

Branches:
Dungeon (9/15)             Temple (0/1) D:7            Lair (0/6) D:8
    Orc (0/2) D:9

Altars:
Okawaru
Vehumet
Wu Jian

Shops:
D:6 [   D:7 =


Innate Abilities, Weirdness & Mutations

You are too large for most types of armour.
You have claws for hands.
Your metabolism is lightning-fast.
You like to eat raw meat.
Your natural rate of healing is unusually fast.
You are covered in fur. (AC +1)
You have extremely tough skin. (AC +3)


Message History

You scratch the electric eel.
The electric eel is moderately wounded.
The electric eel shoots out a bolt of lightning at you!
The bolt of electricity hits the electric eel.
The electric eel completely resists.
The bolt of electricity hits you!
You miss the electric eel.
The electric eel is moderately wounded.
The electric eel shoots out a bolt of lightning at you!
The bolt of electricity hits the electric eel.
The electric eel completely resists.
The bolt of electricity hits you.
* * * LOW HITPOINT WARNING * * *
The electric eel shoots out a bolt of lightning at you!
The bolt of electricity hits you!
* * * LOW HITPOINT WARNING * * *
The electric eel shoots out a bolt of lightning at you!
The bolt of electricity hits you!
* * * LOW HITPOINT WARNING * * *
The electric eel shoots out a bolt of lightning at you!
The bolt of electricity hits you!
You die...

....# .####........# ....#
.............## .≈≈≈≈≈
≈.............[#
;.≈≈≈≈≈≈≈....≈.≈......#
.≈≈≈≈≈≈≈≈≈≈..≈.≈......###
≈≈≈≈≈≈≈≈≈≈≈.≈≈≈...........
≈≈≈≈≈≈≈≈≈≈.≈≈≈≈....##..##.
≈≈≈.≈.≈≈..≈≈≈;≈≈..<.#..#
≈≈≈≈......≈≈≈≈;≈@...# .#
≈≈≈..>............#.#...
.≈≈≈.....≈≈≈≈≈≈≈......[..
≈≈≈..≈...≈≈≈;.....#.##..
.≈;≈≈.≈≈≈≈≈≈≈≈≈≈.........
≈≈≈;≈≈≈≈≈≈≈≈≈≈≈.....##...
≈..≈≈≈≈≈≈.(≈≈≈..........
≈..;.≈.......≈.....####
.....................


You could see 3 electric eels.

Vanquished Creatures
  Pikel (D:9)
  2 ugly things
  Maurice (D:9)
  3 trolls
  2 hippogriffs (D:7)
  Sigmund (D:3)
  A wyvern (D:8)
  A yak (D:7)
  A human (D:7)
  3 hogs (D:7)
  2 hungry ghosts (D:9)
  2 two-headed ogre zombies (D:9)
  A sky beast (D:7)
  2 black bears
  An orc warrior (D:8)
  A phantom (D:4)
  3 ogres
  2 wolves
  3 centaurs
  2 bullfrogs (D:6)
  A gnoll sergeant (D:9)
  2 scorpions
  A troll zombie (D:9)
  2 wights (D:8)
  5 crimson imps
  A bullfrog zombie (D:9)
  7 hounds
  A quasit (D:7)
  A centaur zombie (D:7)
  2 jellies
  A gnoll shaman (D:9)
  3 orc priests
  Jessica (D:3)
  2 centaur skeletons (D:9)
  Terence (D:3)
  3 iguanas
  4 orc wizards
  A killer bee zombie (D:9)
  3 worker ants
  5 ogre zombies (D:9)
  A hound skeleton (D:4)
  A worker ant zombie (D:6)
  10 adders
  12 gnolls
  A howler monkey skeleton (D:4)
  An adder zombie (D:9)
  4 worms
  3 dart slugs
  7 leopard geckos
  19 orcs
  8 bats
  3 giant cockroaches
  9 goblins
  13 hobgoblins
  10 jackals
  12 kobolds
  4 quokkas
  9 frilled lizards
  3 goblin zombies (D:9)
  3 hobgoblin skeletons (D:9)
  A jackal skeleton (D:5)
  2 leopard gecko skeletons
  4 orc skeletons (D:9)
  12 orc zombies (D:9)
  A quokka skeleton (D:4)
  10 rats
245 creatures vanquished.

Vanquished Creatures (others)
  An orc wizard (D:9)
  3 orcs (D:9)
  A hobgoblin zombie (D:9)
  2 orc zombies (D:9)
7 creatures vanquished.

Grand Total: 252 creatures vanquished

Notes
Turn   | Place    | Note
-------+----------+-------------------------------------------
     0 | D:1      | catcat the Troll Fighter began the quest for the Orb.
     0 | D:1      | Reached XP level 1. HP: 22/22 MP: 0/0
    36 | D:1      | Reached XP level 2. HP: 29/29 MP: 1/1
   232 | D:1      | Reached skill level 3 in Unarmed Combat
   635 | D:2      | Reached XP level 3. HP: 33/36 MP: 2/2
   741 | D:2      | Reached skill level 4 in Unarmed Combat
  1080 | D:2      | Reached XP level 4. HP: 42/44 MP: 3/3
  1401 | D:3      | Noticed Jessica
  1404 | D:3      | Killed Jessica
  1505 | D:3      | Reached skill level 5 in Unarmed Combat
  1583 | D:3      | Reached XP level 5. HP: 45/50 MP: 4/4
  1635 | D:3      | Noticed Sigmund
  1648 | D:3      | Killed Sigmund
  1648 | D:3      | Reached skill level 6 in Unarmed Combat
  1648 | D:3      | Reached XP level 6. HP: 45/59 MP: 5/5
  1761 | D:3      | Noticed Terence
  1770 | D:3      | Killed Terence
  1770 | D:3      | Reached skill level 7 in Unarmed Combat
  2349 | D:4      | Reached skill level 8 in Unarmed Combat
  2349 | D:4      | Reached XP level 7. HP: 36/66 MP: 6/6
  2789 | D:5      | Entered Level 5 of the Dungeon
  2884 | D:5      | Reached skill level 9 in Unarmed Combat
  3027 | D:5      | Reached XP level 8. HP: 72/74 MP: 7/7
  3254 | D:6      | Reached skill level 10 in Unarmed Combat
  3336 | D:6      | Found Hoele's Armour Emporium.
  3702 | D:6      | Reached skill level 11 in Unarmed Combat
  3949 | D:7      | Found an iron altar of Okawaru.
  3963 | D:7      | Became a worshipper of Warmaster Okawaru
  4016 | D:7      | Found Ominguts's Jewellery Shoppe.
  4202 | D:7      | Noticed a hippogriff
  4209 | D:7      | Killed a hippogriff
  4209 | D:7      | Reached * piety under Okawaru
  4209 | D:7      | Reached XP level 9. HP: 64/80 MP: 8/8
  4312 | D:7      | Found a staircase to the Ecumenical Temple.
  4385 | D:7      | Reached skill level 5 in Shields
  4645 | D:7      | Reached ** piety under Okawaru
  5174 | D:8      | Found a staircase to the Lair.
  5343 | D:8      | Noticed a troll
  5382 | D:8      | HP: 2/80 [troll (4)]
  5384 | D:8      | Killed a troll
  5420 | D:8      | Noticed a purple ugly thing
  5432 | D:8      | Killed a purple ugly thing
  5432 | D:8      | Reached *** piety under Okawaru
  5432 | D:8      | Reached XP level 10. HP: 18/88 MP: 9/9
  5602 | D:8      | You fall through a shaft!
  5635 | D:9      | Found an ornate altar of the Wu Jian Council.
  5996 | D:9      | Noticed a green ugly thing
  6014 | D:9      | Killed a green ugly thing
  6014 | D:9      | Reached **** piety under Okawaru
  6014 | D:9      | Reached skill level 1 in Maces & Flails
  6179 | D:9      | Noticed Pikel
  6188 | D:9      | Killed Pikel
  6297 | D:9      | Found a staircase to the Orcish Mines.
  6374 | D:9      | Noticed Maurice
  6384 | D:9      | Killed Maurice
  6608 | D:9      | Found a radiant altar of Vehumet.
  6623 | D:9      | Reached ***** piety under Okawaru
  7448 | D:8      | Killed from afar by an electric eel

Skill      XL: |  1  2  3  4  5  6  7  8  9 10 |
---------------+-------------------------------+-----
Unarmed Combat | 3 4 5 6 8 9 11 | 11.0
Shields        | 4 8 9 |  9.0
Fighting       | 4 |  4.1
Dodging        | 4 |  4.2
Maces & Flails | 4 |  4.2

Action                   |  1- 3 |  4- 6 |  7- 9 | 10-12 || total
-------------------------+-------+-------+-------+-------++-------
Melee: Unarmed           |   139 |   149 |   241 |   211 ||   740
  Use: Scroll            |       |     1 |     7 |       ||     8
       Potion            |       |       |     1 |     1 ||     2
 Stab: Sleeping          |       |       |     1 |       ||     1
  Eat: Chunk             |    16 |    11 |    29 |    17 ||    73
       Ration            |       |       |       |     1 ||     1
Armor: Robe              |    47 |    38 |    45 |    33 ||   163
Dodge: Dodged            |    39 |    36 |    54 |    58 ||   187
Block: Shield            |    62 |    53 |   113 |    78 ||   306
